Description

a

Build Order

Get SALT Encoding   

  14  0:17  Supply Depot  
  16  0:41  Barracks  
  16  0:44  Refinery  
  19  1:26  Reaper  - Scouting Reaper
  20  1:27  Orbital Command  
  20  1:42  Command Center  - 2nd
  21  1:58  Marine  
  22  2:00  Supply Depot  
  23  2:10  Factory  
  23  2:13  Refinery  
  24  2:22  Barracks Reactor  
  26  2:55  Starport  - Swap Factory with Barracks, Factory should have reactor.
  30  2:58  Orbital Command  - 2nd
  31  3:03  Hellion x2  - Repeat 3 times
  31  3:07  Barracks Tech Lab  - Upon completion switch with Starport, Starport should have the Tech lab
  42  3:40  Banshee  
  42  3:41  Cloaking Field  
  45  3:45  Supply Depot  - Begin a wall in at the natural, then produce depot's forever
  52  4:18  Command Center  - Harass with hellions when you have <4, 3rd
  52  4:23  Banshee  - Harass with Banshee's with cloak once this one finishes.
  53  4:30  Stimpack  
  55  4:38  Factory Reactor  - Fly factory, build a barracks where the previous reactor is.
  56  4:39  Barracks x2  
  56  4:43  Barracks Tech Lab  
  56  4:55  Engineering Bay x2  
  59  5:05  Refinery x2  - Both natural
  62  5:22  Starport Reactor  - 3rd takes factories reactor, which takes strarports tech ;lab
  62  5:20  Terran Infantry Armor Level 1, Terran Infantry Weapons Level 1  - Marines. Forever.
  69  5:30  Siege Tank  - Forever, unless called for otherwise.
  71  5:40  Orbital Command  - 3rd
  98  6:30  Barracks x2, Armory  
  98  6:31  Medivac x2  - Spam until <8, then produce lib's
  102  6:46  Combat Shield  
  121  7:14  Terran Infantry Weapons Level 2, Terran Infantry Armor Level 2  
  123  7:21  Missile Turret x3  - Pre-emptive. one in each mineral line.
  123  7:24  Refinery x2  - 3rd
  125  7:30  Barracks Reactor x2  - 4th and 5th
  133  8:20  Command Center  - 4th and transition into late game.
Spawning Tool Build Advisor. Get it on Overwolf

Analysis

a

Go to:

Details

  • Created by: Khaos
  • Published on: Oct 18, 2022
  • Modified on: Oct 18, 2022
  • Patch: 4.11.0
  • Difficulty: Medium
Show
View Real Time Build Order
Export as new Build Order

Comments (0)

There are no comments. Be the first!

Create an account to comment!